 Dungeon Crawl Stone Soup version 0.30-a0-930-gb9d0489357 (webtiles) character file.

Game seed: 6551623573983987171

185 12sPaWn12 the Caller (level 5, -4/38 HPs)
             Began as a Gnoll Summoner on Mar 23, 2023.
             Slain by a bullfrog (6 damage)
             ... in a sewer.
             The game lasted 00:08:42 (1893 turns).

12sPaWn12 the Caller (Gnoll Summoner)               Turns: 1893, Time: 00:08:43

Health: -4/38      AC:  4    Str:  7    XL:     5   Next: 64%
Magic:  4/12       EV: 13    Int: 16    God:
Gold:   37         SH:  0    Dex: 13    Spells: 10/14 levels left

rFire   . . .      SeeInvis .      - Unarmed
rCold   . . .      Faith    .    (no shield)
rNeg    . . .      Spirit   .    a - +1 robe
rPois   .          Reflect  .    (no helmet)
rElec   .          Rampage  .    (no cloak)
rCorr   .                        (no gloves)
Will    .....                    f - +0 pair of boots
Stlth   ++                       (no amulet)
HPRegen 0.26/turn                (no ring)
MPRegen 0.13/turn                (no ring)

@: very slow
A: fangs 1, strong nose, distributed training
a: no special abilities


You were in a sewer.
You visited 1 branch of the dungeon, and saw 3 of its levels.
You also visited: Sewer.

You collected 37 gold pieces.

Inventory:

Armour
 a - a +1 robe (worn)
 e - a +0 pair of gloves
 f - a +0 pair of boots (worn)
Scrolls
 c - 3 scrolls of teleportation
Potions
 b - a potion of magic
 d - a potion of heal wounds {unknown}
 h - 2 potions of attraction {unknown}
 i - a potion of haste {unknown}


   Skills:
 + Level 1.6 Fighting
 + Level 1.6 Short Blades
 + Level 1.6 Long Blades
 + Level 1.6 Axes
 + Level 1.6 Maces & Flails
 + Level 1.6 Polearms
 + Level 1.6 Staves
 + Level 1.6 Ranged Weapons
 + Level 1.6 Throwing
 + Level 1.6 Armour
 + Level 4.8 Dodging
 + Level 4.5 Stealth
 + Level 1.6 Shields
 + Level 1.6 Unarmed Combat
 + Level 5.2 Spellcasting
 + Level 1.3 Conjurations
 + Level 1.3 Hexes
 + Level 7.2 Summonings
 + Level 1.3 Necromancy
 + Level 1.3 Translocations
 + Level 1.3 Transmutations
 + Level 1.3 Fire Magic
 + Level 1.3 Ice Magic
 + Level 1.3 Air Magic
 + Level 1.3 Earth Magic
 + Level 1.3 Poison Magic
 + Level 1.9 Invocations
 + Level 1.6 Evocations


You had 10 spell levels left.
You knew the following spells:

 Your Spells              Type           Power      Damage    Failure   Level
a - Summon Small Mammal   Summ           100%       N/A       1%          1
b - Call Canine Familiar  Summ           27%        N/A       2%          3

Your spell library contained the following spells:

 Spells                   Type           Power      Damage    Failure   Level
 Call Imp                 Summ           27%        N/A       1%          2
 Summon Guardian Golem    Hex/Summ       17%        N/A       8%          3
 Summon Lightning Spire   Summ/Air       17%        N/A       26%         4


Dungeon Overview and Level Annotations

Branches:
Dungeon (3/15)              Sewer (1/1)

Altars:

Shops:
D:1 !


Innate Abilities, Weirdness & Mutations

You have very sharp teeth.
Your uncanny sense of smell can sniff out nearby items.
Your experience applies equally to all skills.


Message History

Your quokka splashes around in the water.
The bullfrog hits you. The bullfrog misses you.
Casting: Summon Small Mammal (safe; 1% risk of failure)
Confirm with . or Enter, or press ? or * to list all spells.
Your quokka misses the bullfrog. The bullfrog hits you. The bullfrog hits you!
Your quokka closely misses the bullfrog.
The bullfrog hits you! The bullfrog attacks as you move away!
The bullfrog hits you but does no damage.
The bullfrog hits you.
* * * LOW HITPOINT WARNING * * *
The bullfrog barely misses your hound.
Your quokka splashes around in the water.
The bullfrog hits you but does no damage.
The bullfrog hits your hound!
Your quokka bites the bullfrog.
The bullfrog attacks as you move away! The bullfrog closely misses you.
You enter the shallow water.
Moving in this stuff is going to be slow.
Your hound splashes around in the water.
The bullfrog hits your hound! The bullfrog hits you.
* * * LOW HITPOINT WARNING * * *
Your hound bites the bullfrog.
The bullfrog dies!
Things that are here:
a giant cockroach corpse; a frilled lizard corpse Unknown command.
The bullfrog hits you.
* * * LOW HITPOINT WARNING * * *
Your hound splashes around in the water.
The bullfrog hits you.
* * * LOW HITPOINT WARNING * * *
Your hound splashes around in the water.
Your quokka barely misses the bullfrog.
Okay, then.
The bullfrog completely misses you.
You enter the shallow water.
Moving in this stuff is going to be slow.
Your hound bites the bullfrog.
The bullfrog barely misses you. The bullfrog attacks as you move away!
The bullfrog hits you.
You die...

#.~#~.##.~~#####~~.##†~
##.##.~#~~~## ##~~~#†~
#.†#~~~#~~## ##~~#~~
#~~#.###~.#≈≈~~.≈≈#.~##.
#~~#~#~~~##≈~~~~≈≈##~~#~
#~~#~#∩~.#≈~~..~~≈≈#~~#~
#~.#~#~~~#≈~~~~.~≈≈#~~#~
#~~#.##.~#~~~~.$~~≈#~.#†
#.~#~.#@~#.~~~?$.~≈#~~#.
#.~#~~#F.#~~~$$)..≈#.~#.
#~†~~.#.h##~.~).~≈##~~#~
#~~~~~#.††~.~~.~~≈#~.##~
#~.~~.###r~.~~~~≈##~.#~~
#######~###~~~~≈##~~~#~~
#~.~~~#######...##.~
#~~~~~.†~~.~~~~~#~.~
##~~##~.~~.~~~.##~~#


You could see a bullfrog (ally target), a friendly hound (summoned) and a
friendly quokka (summoned).

Vanquished Creatures
  An adder (D:3)
  2 bats
  2 frilled lizards
5 creatures vanquished.

Vanquished Creatures (collateral kills)
  A bullfrog (Sewer)
  4 adders
  2 dart slugs
  10 ball pythons
  11 endoplasms
  13 giant cockroaches
  2 hobgoblins (D:1)
  2 kobolds
  6 quokkas (Sewer)
  A bat (D:1)
  9 frilled lizards
  4 rats
65 creatures vanquished.

Grand Total: 70 creatures vanquished

Notes
Turn   | Place    | Note
-------+----------+-------------------------------------------
     0 | D:1      | 12sPaWn12 the Gnoll Summoner began the quest for the Orb.
     0 | D:1      | Reached XP level 1. HP: 13/13 MP: 6/6
   226 | D:1      | Found Semiq's Distillery.
   407 | D:1      | Reached XP level 2. HP: 19/19 MP: 4/7
  1136 | D:1      | Reached skill level 5 in Spellcasting
  1136 | D:1      | Reached XP level 3. HP: 21/25 MP: 5/9
  1351 | D:2      | You fall into a shaft and drop 1 floor!
  1398 | D:3      | Reached skill level 1 in Invocations
  1523 | D:3      | Found a glowing drain.
  1542 | D:3      | Reached skill level 1 in Fighting
  1542 | D:3      | Reached skill level 1 in Short Blades
  1542 | D:3      | Reached skill level 1 in Long Blades
  1542 | D:3      | Reached skill level 1 in Axes
  1542 | D:3      | Reached skill level 1 in Maces & Flails
  1542 | D:3      | Reached skill level 1 in Polearms
  1542 | D:3      | Reached skill level 1 in Staves
  1542 | D:3      | Reached skill level 1 in Ranged Weapons
  1542 | D:3      | Reached skill level 1 in Throwing
  1542 | D:3      | Reached skill level 1 in Armour
  1542 | D:3      | Reached skill level 1 in Shields
  1542 | D:3      | Reached skill level 1 in Unarmed Combat
  1542 | D:3      | Reached skill level 1 in Evocations
  1550 | D:3      | Reached XP level 4. HP: 31/32 MP: 7/11
  1563 | Sewer    | Entered a sewer
  1624 | Sewer    | Learned a level 3 spell: Call Canine Familiar
  1665 | Sewer    | Reached skill level 1 in Conjurations
  1665 | Sewer    | Reached skill level 1 in Hexes
  1665 | Sewer    | Reached skill level 1 in Necromancy
  1665 | Sewer    | Reached skill level 1 in Translocations
  1665 | Sewer    | Reached skill level 1 in Transmutations
  1665 | Sewer    | Reached skill level 1 in Fire Magic
  1665 | Sewer    | Reached skill level 1 in Ice Magic
  1665 | Sewer    | Reached skill level 1 in Air Magic
  1665 | Sewer    | Reached skill level 1 in Earth Magic
  1665 | Sewer    | Reached skill level 1 in Poison Magic
  1861 | Sewer    | Reached XP level 5. HP: 37/37 MP: 7/12
  1893 | Sewer    | Slain by a bullfrog

Illustrated notes

Levels and vault maps discovered:
D:1:      roderic_lyre, layout_loops_ring, serial_shops, shop
D:2:      layout_basic, basic_altar
D:3:      layout_rooms, dilly_ecumenical_altar_fadedgnrine,
          gup_sewer_entry_glass
Sewer:    sewer_frog_island_02

Skill      XL: |  1  2  3  4 |
---------------+-------------+-----
Spellcasting   | 5 |  5.2
Invocations    | 1 |  1.9
Fighting       | 1 |  1.6
Short Blades   | 1 |  1.6
Long Blades    | 1 |  1.6
Axes           | 1 |  1.6
Maces & Flails | 1 |  1.6
Polearms       | 1 |  1.6
Staves         | 1 |  1.6
Ranged Weapons | 1 |  1.6
Throwing       | 1 |  1.6
Armour         | 1 |  1.6
Shields        | 1 |  1.6
Unarmed Combat | 1 |  1.6
Evocations     | 1 |  1.6
Conjurations   | 1 |  1.3
Hexes          | 1 |  1.3
Necromancy     | 1 |  1.3
Translocations | 1 |  1.3
Transmutations | 1 |  1.3
Fire Magic     | 1 |  1.3
Ice Magic      | 1 |  1.3
Air Magic      | 1 |  1.3
Earth Magic    | 1 |  1.3
Poison Magic   | 1 |  1.3
Dodging        | |  4.8
Stealth        | |  4.5
Summonings     | |  7.2

Action                     |  1- 3 |  4- 6 || total
---------------------------+-------+-------++-------
  Melee: Unarmed           |    58 |    15 ||    73
         Bite              |     6 |     2 ||     8
   Cast: Summon Small Mamm |    52 |    22 ||    74
         Call Canine Famil |       |     7 ||     7
    Use: Scroll            |     3 |       ||     3
   Stab: Distracted        |       |     1 ||     1
 Armour: Robe              |    26 |     6 ||    32
  Dodge: Dodged            |    83 |    19 ||   102

Table legend: (Time is in decaauts)
 A = Elapsed time spent in this place.
 B = Non-inter-level travel time spent in this place.
 C = Inter-level travel time spent in this place.
 D = Time resting spent in this place.
 E = Time spent auto-exploring this place.
 F = Levels seen in this place.
 G = Mean time per level.
                   A        B        C        D        E       F      G
               +--------+--------+--------+--------+--------+-----+--------+
         Total |   1954 |   1835 |    119 |      0 |   1063 |   4 |  488.5 |
       Dungeon |   1563 |   1444 |    119 |      0 |   1016 |   3 |  521.0 |
         Sewer |    391 |    391 |      0 |      0 |     47 |   1 |  391.0 |
               +--------+--------+--------+--------+--------+-----+--------+

Top non-repeatable levels by time:
     D:1: 1342 daAuts
   Sewer: 391 daAuts
     D:3: 212 daAuts
     D:2: 8 daAuts
